 Dungeon Crawl Stone Soup version 0.18.1-8-gdd0e5ea (webtiles) character file.

130 M4edhros the Insei (level 5, -3/31 HPs)
             Began as an Octopode Necromancer on May 23, 2016.
             Slain by a phantom (8 damage)
             ... on level 5 of the Dungeon.
             The game lasted 00:03:53 (710 turns).

M4edhros the Insei (Octopode Necromancer)            Turns: 710, Time: 00:03:54

Health: -3/31      AC:  1    Str:  7    XL:     5   Next: 13%
Magic:  8/8        EV: 15    Int: 23    God:
Gold:   15         SH:  0    Dex: 10    Spells: 3 memorised, 3 levels left

rFire  . . .     SeeInvis +     m - +1 short sword "Ucwedemp" {freeze, MR++ Str+2 Dex-3}
rCold  . . .     Gourm    .     (no shield)
rNeg   . . .     Faith    .     (helmet restricted)
rPois  .         Spirit   .     (no amulet)
rElec  .         Dismiss  .     f - +3 ring of evasion
rCorr  .         Reflect  .     (no ring)
SustAt .         Harm     .     (no ring)
MR     ++...                    (no ring)
Stlth  +++.......               (no ring)
                                (no ring)
                                (no ring)
                                (no ring)

@: brilliant, very resistant to hostile enchantments, fairly stealthy
A: almost no armour, amphibious, 8 rings, constrict 8, camouflage 1, see
invisible, weak 1, gelatinous body 1, evolution 1
a: no special abilities


You were on level 5 of the Dungeon.
You were hungry.

You visited 1 branch of the dungeon, and saw 6 of its levels.

You collected 15 gold pieces.

Inventory:

Hand Weapons
 i - a +2 quarterstaff of crushing
 m - the +1 short sword "Ucwedemp" (weapon) {freeze, MR++ Str+2 Dex-3}
   (You found it on level 5 of the Dungeon)

   It has been specially enchanted to freeze those struck by it, causing extra
   injury to most foes and up to half again as much damage against particularly
   susceptible opponents.
   It can also slow down cold-blooded creatures.
   It affects your strength (+2).
   It affects your dexterity (-3).
   It affects your resistance to hostile enchantments.
Missiles
 n - 4 curare-tipped needles
Jewellery
 f - a +3 ring of evasion (left tentacle)
Scrolls
 e - 2 scrolls of identify {unknown}
 g - a scroll of noise {unknown}
 h - a scroll of amnesia {unknown}
 j - a scroll of immolation {unknown}
 k - a scroll of teleportation {unknown}
Potions
 d - a potion of brilliance
Books
 a - a book of Necromancy

   Spells                             Type                      Level
   a - Pain                           Necromancy                   1
   b - Animate Skeleton               Necromancy                   1
   c - Vampiric Draining              Necromancy                   3
   d - Regeneration                   Charms/Necromancy            3
   e - Animate Dead                   Necromancy                   4
   f - Control Undead                 Necromancy                   4
Comestibles
 b - 3 bread rations


   Skills:
 - Level 2.0 Dodging
 - Level 2.6 Stealth
 + Level 4.6 Unarmed Combat
 - Level 2.0 Spellcasting
 - Level 4.0 Necromancy


You had 3 spell levels left.
You knew the following spells:

 Your Spells              Type           Power        Failure   Level  Hunger
a - Pain                  Necr           ####         1%          1    #......
b - Animate Skeleton      Necr           N/A          1%          1    #......
r - Regeneration          Chrm/Necr      ####......   2%          3    ###....


Dungeon Overview and Level Annotations

Branches:
Dungeon (6/15)
 Temple: D:4-7

Altars:


Innate Abilities, Weirdness & Mutations

You cannot wear most types of armour.
You are amphibious.
You can wear up to eight rings at the same time.
You can use your tentacles to constrict eight enemies at once.
Your skin changes colour to match your surroundings (Stealth).
Your rubbery body absorbs attacks (AC +1).
You have supernaturally acute eyesight.
You are weak. (Str -2)
You evolve.


Message History

The orc wizard hits you with a dagger.
You hit the orc wizard. You freeze the orc wizard. You grab the orc wizard.
The orc wizard is severely wounded.
You constrict the orc wizard, but do no damage.
The orc wizard points at you and mumbles some strange words.
The puff of flame hits you!
The phantom blinks!
The orc wizard casts a spell at you. The puff of flame hits you!
* * * LOW HITPOINT WARNING * * *
You hit the orc wizard. You freeze the orc wizard.
The orc wizard is almost dead.
You constrict the orc wizard.
You kill the orc wizard!
You have reached level 5!
You feel clever.
You are feeling hungry.
The orc closely misses you.
The phantom blinks!
The phantom hits you!
You die...

....#..... #+# #....... #.#
#.#..... . ### #.# ###
#....... .# #.. +.+ ..#
#....... .. #.# #.# #.#
#....... #. #.# #.# #.#
#....###
...##.###'###.###'###....#
.....ยง).ooW@........'....#
......###'###.###'###....#
..... #.# #.# .# #....#
##.# #.# #.# .# #....# ..
#.. +.+ .# #....# . ### #.#
## #....# #.# #....# #+#
#....#


You could see a phantom and 2 orcs.

Vanquished Creatures
  2 orc wizards (D:5)
  A hound zombie (D:5)
  5 adders
  A giant gecko (D:5)
  4 orcs (D:5)
  A goblin (D:1)
  3 hobgoblins
  2 kobolds
  2 rats
21 creatures vanquished.

Vanquished Creatures (collateral kills)
  A hobgoblin (D:2)
1 creature vanquished.

Grand Total: 22 creatures vanquished

Notes
Turn   | Place    | Note
--------------------------------------------------------------
     0 | D:1      | M4edhros the Octopode Necromancer began the quest for the Orb.
     0 | D:1      | Reached XP level 1. HP: 11/11 MP: 3/3
    18 | D:2      | Reached skill level 1 in Unarmed Combat
    64 | D:2      | Reached XP level 2. HP: 2/17 MP: 0/5
    68 | D:2      | Learned a level 1 spell: Animate Skeleton
   181 | D:2      | Reached XP level 3. HP: 6/21 MP: 3/6
   186 | D:2      | Learned a level 3 spell: Regeneration
   446 | D:5      | Entered Level 5 of the Dungeon
   457 | D:5      | Reached XP level 4. HP: 27/27 MP: 3/7
   487 | D:5      | Got an ancient short sword
   488 | D:5      | Identified the +1 short sword "Ucwedemp" {freeze, MR++ Str+2 Dex-3} (You found it on level 5 of the Dungeon)
   612 | D:6      | Noticed an ice beast
   631 | D:5      | lucky
   698 | D:5      | Noticed a phantom
   700 | D:5      | Gained mutation: You evolve. [potion of mutation]
   700 | D:5      | Gained mutation: You have supernaturally acute eyesight. [potion of mutation]
   700 | D:5      | Gained mutation: You are weak. (Str -2) [potion of mutation]
   706 | D:5      | Reached XP level 5. HP: 4/31 MP: 8/8
   710 | D:5      | Slain by a phantom

Skill      XL: |  1  2  3  4 |
---------------+-------------+-----
Unarmed Combat | 1 2 3 4 |  4.6
Dodging        | |  2.0
Stealth        | |  2.6
Spellcasting   | |  2.0
Necromancy     | |  4.0

Action                   |  1- 3 |  4- 6 || total
-------------------------+-------+-------++-------
Melee: Unarmed           |     6 |       ||     6
       Constrict         |     3 |     4 ||     7
       Tentacles         |     3 |     2 ||     5
       Quarterstaff      |     7 |     4 ||    11
       Short sword       |       |    15 ||    15
 Cast: Pain              |    21 |       ||    21
       Animate Skeleton  |     5 |       ||     5
       Regeneration      |     2 |     2 ||     4
  Use: Potion            |       |     3 ||     3
Armor: Skin              |       |     1 ||     1
Dodge: Dodged            |    15 |    11 ||    26
